cohdb
Replays
Latest Replays
All Replays
Popular Replays
Top Player Replays
Match Explorer
How It Works
Community
CoH3 Stats
Reddit
Sign in to upload your games and track your stats! →
Sign in with Steam
Match 43030214
Unlisted
Match 43030214
Overview
Messages
Build Orders
End
Scout Squad
Construct Barracks
Riflemen Squad
Riflemen Squad
Grenade Package
Construct Weapon Support Center
Bazooka Squad
Mechanized Support Center
M3 Armored Personnel Carrier
Selects Heavy Weapons
Selects Assault Carriers
Selects Assault Carriers
M1919 Machine Gun Team
M3 Assault Carrier
Designate Forward Repair Station
Slyngel
capitaine.Nemo
Ramtadrylia
Joraad
isaif77
matthew
0
0
Comments
sign in to comment!
No comments posted yet!